 Dungeon Crawl Stone Soup version 0.29.1-2-gbd0b4ee654 (webtiles) character file.

Game seed: 16867598112039093171

156 styxcanada the Covert (level 5, -2/27 HPs)
             Began as a Spriggan Brigand on Oct 28, 2022.
             Killed by divine providence
             ... invoked by an orc priest
              (12 damage)
             ... on level 5 of the Dungeon on Oct 29, 2022.
             The game lasted 00:10:03 (1860 turns).

styxcanada the Covert (Spriggan Brigand)            Turns: 1860, Time: 00:10:03

Health: -2/27      AC:  5    Str:  7    XL:     5   Next: 15%
Magic:  6/6        EV: 17    Int: 13    God:
Gold:   151        SH:  0    Dex: 18    Spells: 4/4 levels left

rFire   + . .      SeeInvis +   a - +2 dagger
rCold   . . .      Faith    .   (no shield)
rNeg    . . .      Spirit   .   l - +2 robe {rF+}
rPois   .          Reflect  .   (helmet restricted)
rElec   .          Harm     .   c - +0 cloak
rCorr   .          Rampage  .   (gloves unavailable)
Will    .....                   (boots unavailable)
Stlth   ++++......              (no amulet)
HPRegen 0.09/turn               (no ring)
MPRegen 0.10/turn               (no ring)

@: very quick
A: very small, no large weapons, unfitting armour, see invisible, speed 3
a: no special abilities


You were on level 5 of the Dungeon.
You visited 1 branch of the dungeon, and saw 4 of its levels.

You collected 151 gold pieces.

Inventory:

Hand Weapons
 a - a +2 dagger (weapon)
 o - a +2 quarterstaff of chaos
 p - a +0 sling
Missiles
 d - 2 poisoned darts (quivered)
 e - 3 curare-tipped darts
 f - 25 stones
 n - 5 atropa-tipped darts
Armour
 c - a +0 cloak (worn)
 l - a +2 robe of fire resistance (worn)
Scrolls
 g - 4 scrolls of teleportation {unknown}
 h - 2 scrolls of identify {unknown}
 i - 3 scrolls of noise {unknown}
 k - a scroll of blinking {unknown}
 m - a scroll of amnesia {unknown}
Potions
 b - a potion of ambrosia {unknown}
 j - a potion of curing {unknown}
 q - a potion of haste {unknown}


   Skills:
 * Level 2.5 Fighting
 + Level 2.9 Short Blades
 + Level 2.0 Throwing
 * Level 2.0 Dodging
 * Level 8.4 Stealth


You had 4 spell levels left.
You didn't know any spells.
Your spell library was empty.

Dungeon Overview and Level Annotations

Branches:
Dungeon (3/15)

Altars:
Fedhas
Gozag

Shops:
D:2 *   D:3 :


Innate Abilities, Weirdness & Mutations

You are very small and have problems with some larger weapons.
You are too small for most types of armour.
You have supernaturally acute eyesight. (SInv)
You cover ground extremely quickly. (Speed+++)


Message History

Aim: an orc wizard, wielding a +0 dagger and wearing a +0 robe (heavily wounded, poisoned, 56% to hit)
You throw a poisoned dart.
The poisoned dart misses the orc wizard.
Throw: 5 darts (poison)
Press: ? - help, Q - select action, (/) - cycle Shift-Dir - straight line, f - orc priest, p - orc wizard
Aim: an orc priest, wielding a +0 war axe (63% to hit)
You throw a poisoned dart. The poisoned dart hits the orc priest.
The orc priest is poisoned.
The orc wizard points at you and mumbles some strange words.
The magic dart hits you.
Throw: 4 darts (poison)
Press: ? - help, Q - select action, (/) - cycle Shift-Dir - straight line, f/p - orc priest
Aim: an orc priest, wielding a +0 war axe (poisoned, 63% to hit)
You throw a poisoned dart. The poisoned dart hits the orc priest.
An orc comes into view. It is wielding a +0 short sword.
Throw: 3 darts (poison)
Press: ? - help, Q - select action, (/) - cycle Shift-Dir - straight line, f - orc wizard, p - orc priest
Aim: an orc wizard, wielding a +0 dagger and wearing a +0 robe (severely wounded, poisoned, 56% to hit)
You throw a poisoned dart. The poisoned dart hits the orc wizard.
The orc wizard looks even sicker.
The orc wizard is severely wounded.
An orc comes into view. It is wielding a +0 short sword.
The orc wizard closely misses you.
The orc priest looks braver for a moment.
The orc shouts!
You hit the orc priest.
The orc priest is moderately wounded.
The orc wizard hits you but does no damage.
An orc comes into view. It is wielding a +0 dagger.
The orc priest hits you with a +0 war axe.
You kill the orc wizard!
The orc priest looks more healthy.
Your Dodging skill increases to level 2!
You have reached level 5!
You feel clever.
There is a stone staircase leading up here.
A white imp comes into view.
The orc priest invokes the aid of Beogh against you.
Beogh smites you!
You die...

##).)...♣..♣#...
##...)..♣♣♣♣.'...
#..)...♣♣ ♣♣#..)
#.####♣♣ ####
######.### #........#
#........# #........#
#....@...# #.[......#
#..........###P
#....).(..(.5o.......~
#########......(..##
#.........(...
#.............


You could see an orc priest, a white imp (wandering) and 3 orcs.

Vanquished Creatures
  Crazy Yiuf (D:5)
  Jessica (D:2)
  An orc wizard (D:5)
  3 adders (D:2)
  2 dart slugs
  7 bats
  7 endoplasms
  3 giant cockroaches
  4 goblins
  2 hobgoblins
  4 kobolds
  4 ball pythons
  8 rats
47 creatures vanquished.

Vanquished Creatures (others)
  A plant (D:5)
1 creature vanquished.

Grand Total: 48 creatures vanquished

Notes
Turn   | Place    | Note
-------+----------+-------------------------------------------
     0 | D:1      | styxcanada the Spriggan Brigand began the quest for the
                  | Orb.
     0 | D:1      | Reached XP level 1. HP: 10/10 MP: 2/2
    64 | D:1      | Reached skill level 6 in Stealth
   267 | D:1      | Reached XP level 2. HP: 13/14 MP: 3/3
   790 | D:2      | Found Justexu's General Store.
   843 | D:2      | Reached skill level 7 in Stealth
   843 | D:2      | Reached XP level 3. HP: 11/18 MP: 4/4
  1270 | D:2      | Noticed Jessica
  1275 | D:2      | Killed Jessica
  1276 | D:2      | Reached XP level 4. HP: 23/23 MP: 5/5
  1516 | D:3      | Found Duinumoi's Book Boutique.
  1540 | D:3      | Found a blossoming altar of Fedhas.
  1644 | D:3      | Reached skill level 8 in Stealth
  1714 | D:3      | Found an opulent altar of Gozag.
  1715 | D:3      | You fall into a shaft and drop 2 floors!
  1715 | D:5      | Entered Level 5 of the Dungeon
  1728 | D:5      | Found a runed translucent door.
  1729 | D:5      | Noticed Crazy Yiuf
  1760 | D:5      | Killed Crazy Yiuf
  1859 | D:5      | Reached XP level 5. HP: 10/27 MP: 6/6
  1860 | D:5      | Killed from afar by an orc priest

Illustrated notes

Levels and vault maps discovered:
D:1:      scummos_arrival_gate, layout_loops_cross
D:2:      layout_rooms, serial_shops, nicolae_shop_stone, uniq_jessica
D:3:      due_chaos_kobolds, layout_rooms, general_overflow_altar,
          mainiacjoe_overflow_tiny_flanked, nicolae_overflow_crystal_walls,
          serial_shops, nicolae_shop_stone, minmay_unequal
D:5:      minmay_opposing_rooms, layout_rooms, serial_bayou,
          serial_bayou_pond_d, serial_bayou_crossing, serial_bayou_pond_a,
          serial_bayou_lake_a, uniq_duvessa, uniq_grinder,
          uniq_crazy_yiuf_cottage

Skill      XL: |  1  2  3  4 |
---------------+-------------+-----
Stealth        | 6 7 8 |  8.4
Fighting       | 2 |  2.5
Dodging        | 2 |  2.0
Short Blades   | |  2.9
Throwing       | |  2.0

Action                   |  1- 3 |  4- 6 || total
-------------------------+-------+-------++-------
Melee: Dagger            |    59 |    46 ||   105
Throw: Dart              |       |    16 ||    16
 Stab: Sleeping          |    16 |     3 ||    19
Armor: Robe              |     5 |     7 ||    12
Dodge: Dodged            |    31 |    39 ||    70
